Map: Acropolis LE

Players

HAS - Winner!

  • Race: Protoss Protoss
  • Spawn Location: 11:00

Lightweight

  • Race: Protoss Protoss
  • League: Master
  • Spawn Location: 5:00

Event: NationWars 2019

VOD

Have the link to the VOD?

Description

Time

  • Played on: Oct. 1, 2019, 9:22 a.m.
  • Length: 9:02
Show
View Real Time Build Order
Export as new Build Order

HAS Protoss - Winner!

Build Orders: Blink Stalkers, Zealot Archon 

Get SALT Encoding   

  12  0:01  Probe  
  13  0:13  Probe  
  14  0:17  Pylon  
  14  0:25  Probe (Chrono Boost)  
  15  0:31  Assimilator  
  15  0:37  Probe (Chrono Boost)  
  16  0:42  Gateway  
  16  0:46  Probe (Chrono Boost)  
  17  0:52  Assimilator  
  17  0:53  Probe  
  18  1:06  Probe (Chrono Boost)  
  18  1:08  Gateway  
  19  1:18  Probe (Chrono Boost)  
  20  1:24  Probe (Chrono Boost)  
  21  1:30  Cybernetics Core  
  21  1:32  Probe  
  22  1:36  Pylon  
  22  1:44  Probe  
  23  1:56  Probe  
  24  2:06  Stalker, Sentry, Warp Gate  
  28  2:08  Probe  
  28  2:11  Pylon  
  29  2:21  Probe  
  30  2:26  Twilight Council  
  30  2:29  Shield Battery  
  29  2:39  Stalker x2  
  33  2:47  Shield Battery  
  33  3:13  Blink (Chrono Boost)  
  33  3:19  Probe  
  34  3:20  Pylon  
  34  3:25  Nexus  
  34  3:34  Probe  
  35  3:41  Pylon  
  35  3:47  Probe  
  36  3:54  Adept  
  36  3:55  Adept  
  40  3:59  Probe  
  40  4:02  Gateway  
  41  4:11  Probe  
  42  4:18  Stalker x2  
  47  4:24  Probe  
  47  4:35  Shield Battery  
  47  4:36  Probe  
  48  4:39  Probe  
  49  4:48  Stalker x2, Probe  
  55  4:56  Robotics Facility  
  55  4:57  Probe  
  55  5:00  Probe  
  56  5:09  Probe  
  56  5:12  Pylon, Probe  
  58  5:18  Charge  
  58  5:21  Probe, Forge  
  59  5:24  Probe  
  60  5:33  Probe  
  61  5:37  Probe  
  61  5:38  Nexus  
  61  5:41  Assimilator  
  62  5:44  Observer (Chrono Boost)  
  62  5:46  Protoss Ground Weapons Level 1 (Chrono Boost), Probe  
  62  5:48  Assimilator  
  62  5:49  Probe  
  65  5:58  Probe  
  65  6:01  Probe  
  67  6:10  Probe  
  67  6:21  Gateway  
  67  6:22  Gateway  
  67  6:23  Templar Archives  
  67  6:24  Immortal (Chrono Boost)  
  70  6:25  Gateway  
  70  6:28  Gateway  
  70  6:30  Probe  
  71  6:33  Probe  
  71  6:37  Phoenix  
  72  6:40  Pylon  
  72  6:42  Pylon  
  72  6:47  Zealot x3  
  72  6:50  Pylon  
  72  6:51  Pylon  
  78  6:58  Warp Prism  
  80  7:09  High Templar x2, Zealot  
  80  7:11  Probe  
  80  7:12  Probe  
  89  7:21  Archon  
  89  7:22  Zealot x3  
  94  7:23  Zealot  
  96  7:36  Pylon  
  96  7:37  Pylon  
  96  7:43  High Templar x2  
  99  7:46  Zealot x5  
  99  7:50  Probe x3  
  112  7:54  Pylon  
  112  7:55  Archon  
  112  8:02  Probe  
  113  8:12  Zealot  
  115  8:13  Zealot x4  
  115  8:17  Probe x3  
  116  8:27  Zealot  
  116  8:28  Zealot  
  116  8:32  Probe  
  116  8:34  Zealot x5  
  105  8:49  High Templar x2, Probe x2  
  105  8:50  Probe  
Show
View Real Time Build Order
Export as new Build Order

Lightweight Protoss 

Build Orders:  

Get SALT Encoding   

  12  0:01  Probe  
  13  0:13  Probe  
  14  0:17  Pylon  
  14  0:25  Probe  
  15  0:35  Gateway  
  15  0:37  Probe (Chrono Boost)  
  16  0:47  Probe (Chrono Boost), Assimilator  
  17  0:52  Probe (Chrono Boost)  
  17  0:55  Assimilator  
  18  1:03  Probe  
  19  1:11  Gateway  
  19  1:15  Probe  
  20  1:22  Cybernetics Core  
  20  1:28  Probe  
  20  1:32  Pylon  
  21  1:40  Probe  
  22  1:52  Probe  
  23  1:59  Stalker (Chrono Boost)  
  23  2:00  Warp Gate  
  27  2:02  Stalker (Chrono Boost)  
  27  2:21  Stalker x2 (Chrono Boost)  
  31  2:25  Pylon  
  31  2:39  Robotics Facility  
  31  2:44  Pylon  
  31  3:00  Probe  
  31  3:05  Gateway  
  32  3:24  Nexus  
  32  3:47  Immortal  
  36  3:49  Probe  
  36  3:51  Sentry  
  39  3:56  Pylon  
  39  4:10  Pylon  
  39  4:14  Probe (Chrono Boost)  
  40  4:17  Sentry x2  
  45  4:24  Probe (Chrono Boost)  
  45  4:31  Shield Battery  
  45  4:34  Probe  
  45  4:36  Probe  
  47  4:45  Shield Battery  
  47  4:48  Probe x2 (Chrono Boost)  
  49  4:57  Immortal  
  49  4:59  Pylon  
  55  5:00  Probe (Chrono Boost)  
  55  5:03  Probe (Chrono Boost)  
  55  5:05  Probe (Chrono Boost), Shield Battery  
  54  5:11  Stalker  
  54  5:12  Shield Battery  
  54  5:14  Stalker  
  58  5:16  Probe  
  58  5:18  Probe  
  60  5:28  Probe, Shield Battery  
  61  5:31  Probe (Chrono Boost)  
  62  5:38  Observer  
  62  5:40  Twilight Council  
  65  5:43  Probe (Chrono Boost)  
  65  5:44  Assimilator, Shield Battery  
  65  5:45  Probe (Chrono Boost)  
  65  5:48  Assimilator  
  65  5:51  Probe (Chrono Boost)  
  65  5:53  Probe (Chrono Boost)  
  65  5:56  Shield Battery  
  67  5:57  Probe  
  68  6:04  Probe  
  68  6:09  Probe, Shield Battery  
  68  6:10  Blink (Chrono Boost)  
  68  6:11  Adept x2  
  71  6:16  Probe  
  72  6:21  Probe  
  72  6:24  Immortal (Chrono Boost)  
  72  6:25  Forge  
  78  6:36  Gateway  
  78  6:37  Gateway  
  78  6:38  Gateway  
  75  6:47  Gateway x2  
  75  6:51  Pylon  
  75  6:56  Pylon  
  75  7:12  Nexus  
  75  7:16  Pylon  
  73  7:35  Templar Archives  
  71  7:40  Zealot x5  
  71  7:44  Zealot x2  
  85  7:47  Warp Prism (Chrono Boost)  
  85  7:49  Gateway  
  87  7:55  Pylon  
  87  8:10  Zealot x5  
  97  8:17  High Templar x2  
  101  8:22  Archon  
  83  8:31  Zealot  
  71  8:36  Zealot  
  71  8:38  Zealot x3  
  71  8:44  Zealot  
Tags
 
Add a new tag
Caveats
  • Supply blocks, unpowered buildings, or Contaminate may cause inaccurate times.
  • Supply counts are checked every 10 seconds.